 Dungeon Crawl Stone Soup version 0.26.1-10-gdfb7c7de75 (webtiles) character file.

Game seed: 15018731528692232025

2422 DearestLeader the Reanimator (level 9, -7/67 (68) HPs)
             Began as a Deep Dwarf Necromancer on Apr 9, 2021.
             Killed by nerve-wracking pain
             ... invoked by an orc priest
              (12 damage)
             ... on level 7 of the Dungeon on Apr 11, 2021.
             The game lasted 00:23:34 (6354 turns).

DearestLeader the Reanimator (DDNe)                 Turns: 6354, Time: 00:23:35

HP:   -7/67 (68)    AC:  9    Str: 12    XL:     9   Next: 24%
MP:   4/12          EV: 14    Int: 19    God:
Gold: 293           SH:  6    Dex: 19    Spells: 3/12 levels left

rFire    . . .     SeeInvis .   v - +1 flail (drain)
rCold    + + .     Faith    .   b - +0 buckler
rNeg     . . .     Spirit   .   a - +3 leather armour {rC+}
rPois    .         Reflect  .   (no helmet)
rElec    .         Harm     .   q - +2 cloak
rCorr    .         Rampage  .   (no gloves)
Will     +....                  (no boots)
Stlth    ++........             k - amulet of magic regeneration
HPRegen  0.00/turn              w - +6 ring of dexterity
MPRegen  0.38/turn              A - ring of protection from cold

@: non-regenerating, lightly drained
A: damage resistance, heal wounds, sense surroundings 2, no regeneration
a: Heal Wounds


You were on level 7 of the Dungeon.
You visited 1 branch of the dungeon, and saw 7 of its levels.

You collected 403 gold pieces.
You spent 110 gold pieces at shops.

Inventory:

Hand Weapons
 g - a +3 short sword
 j - a +0 antimagic battleaxe
 l - a +0 dagger of holy wrath
 t - a +2 short sword of protection
 v - a +1 flail of draining (weapon)
Armour
 a - a +3 leather armour of cold resistance (worn)
 b - a +0 buckler (worn)
 q - a +2 cloak (worn)
 r - a +1 leather armour of fire resistance
Jewellery
 k - an amulet of magic regeneration (around neck)
 w - a +6 ring of dexterity (left hand)
 A - a ring of protection from cold (right hand)
Wands
 e - a wand of flame (23)
 B - a wand of iceblast (8)
 C - a wand of random effects (11)
 F - a wand of polymorph (12)
Scrolls
 c - 3 scrolls of enchant weapon
 f - a scroll of remove curse
 h - a scroll of fear
 n - 4 scrolls of random uselessness
 o - 4 scrolls of amnesia
 x - a scroll of noise {unknown}
 y - 2 scrolls of enchant armour
Potions
 d - 2 potions of might {unknown}
 m - a potion of curing
 p - a potion of degeneration {unknown}
 s - a potion of haste
 z - a potion of berserk rage {unknown}
 D - a potion of brilliance {unknown}
 E - a potion of heal wounds


   Skills:
 * Level 6.4 Maces & Flails
 + Level 4.2 Dodging
 - Level 2.4 Stealth
 - Level 4.0 Shields
 - Level 2.0 Spellcasting
 + Level 10.9 Necromancy


You had 3 spell levels left.
You knew the following spells:

 Your Spells              Type           Power        Failure   Level
a - Pain                  Necr           100%         1%          1
b - Animate Skeleton      Necr           86%          1%          1
c - Vampiric Draining     Necr           21%          1%          3
d - Animate Dead          Necr           21%          2%          4

Your spell library contained the following spells:

 Spells                   Type           Power        Failure   Level
 Agony                    Necr           43%          7%          5


Dungeon Overview and Level Annotations

Branches:
Dungeon (7/15)             Temple (0/1) D:7

Altars:
Ashenzari
Cheibriados
Elyvilon
Gozag
Nemelex Xobeh
Okawaru
Sif Muna
Wu Jian
Xom
Yredelemnul

Shops:
D:4 [   D:7 (


Innate Abilities, Weirdness & Mutations

You are resistant to damage.
You can heal yourself by infusing magical energy.
You passively map the area around you.
You do not regenerate.


Message History

The wight closely misses you. x2
The orc priest invokes the aid of Beogh against you.
Beogh smites you!
* * * LOW HITPOINT WARNING * * *
Casting: Vampiric Draining (safe; 1% risk of failure)
Confirm with . or Enter, or press ? or * to list all spells.
Aiming: Vampiric Draining (safe; 1% risk of failure)
Press: ? - help, Shift-Dir - straight line Reactivating autopickup.
You feel a bit more experienced.
You feel life coursing into your body. The wight hits you with a +4 falchion!
* * * LOW HITPOINT WARNING * * *
The wight hits you from afar with a +3 spear of freezing!
* * * LOW HITPOINT WARNING * * *
You feel drained.
* * * LOW HITPOINT WARNING * * *
Unknown command.
The orc priest mumbles some strange prayers to Beogh against you.
Pain shoots through your body!
You die...

.#...###....,,....# *,,*,,,,**,,*
.......#..####....# *,*,,,,*,,*,*
..............#.##* *,*,,*,*,,,,*
.........##!.....# *,,**,,,*,,**
.)....z.####z...## **,,,,,,,,**
........+,,##ozz# *******,****
...)....',,##..z###** *,,,,,,
.#+++#.)####..)...#.## *,*****
##,,,##o.##.....@....#***********
#*,,,*#......)..........,,,,,,,,,
#*,,,*#.......###.......,****8***
.****#........# *#.#####,8∩,,,,,,
..**#.........# *## *,**8***8*
,,,...........# *,,,,,,,,,
,,...########## ********** ,....*
,...,**********


You could see 4 wights and an orc priest.

Vanquished Creatures
  Eustachio (D:4)
  2 orc warriors (D:6)
  A sky beast (D:5)
  2 phantoms (D:4)
  2 ogres
  2 centaurs
  A big kobold (D:6)
  A scorpion (D:7)
  8 wights (D:7)
  2 jellies (D:5)
  7 orc wizards
  2 orc priests (D:4)
  4 hounds (D:7)
  A centaur skeleton (D:5)
  2 iguanas
  4 worker ants
  A howler monkey zombie (D:6)
  5 adders
  A white imp (D:7)
  4 ufetubi
  3 oozes
  An adder skeleton (D:6)
  2 worms
  5 dart slugs
  5 leopard geckos
  24 orcs
  3 giant cockroaches
  6 goblins
  4 hobgoblins
  7 jackals
  2 quokkas
  6 bats
  4 frilled lizards
  10 kobolds
  A leopard gecko skeleton (D:4)
  A quokka skeleton (D:7)
  7 rats
144 creatures vanquished.

Vanquished Creatures (collateral kills)
  2 black bears (D:7)
  An ogre (D:7)
  A hound (D:7)
  A gnoll (D:7)
  A white imp (D:7)
6 creatures vanquished.

Grand Total: 150 creatures vanquished

Notes
Turn   | Place    | Note
-------+----------+-------------------------------------------
     0 | D:1      | DearestLeader the Deep Dwarf Necromancer began the quest
                  | for the Orb.
     0 | D:1      | Reached XP level 1. HP: 15/15 MP: 3/3
    24 | D:1      | Learned a level 1 spell: Animate Skeleton
   622 | D:1      | Reached XP level 2. HP: 22/22 MP: 2/4
   623 | D:1      | Reached skill level 5 in Necromancy
  1266 | D:2      | Found an iron altar of Okawaru.
  1374 | D:2      | Reached XP level 3. HP: 16/28 MP: 0/5
  1537 | D:1      | Learned a level 3 spell: Vampiric Draining
  1716 | D:2      | Found a white marble altar of Elyvilon.
  2088 | D:2      | Found a shimmering blue altar of Sif Muna.
  2241 | D:3      | Found a basalt altar of Yredelemnul.
  2508 | D:3      | Reached skill level 6 in Necromancy
  2652 | D:3      | Reached XP level 4. HP: 35/36 MP: 2/7
  3230 | D:4      | Found Enittos's Antique Armour Emporium.
  3233 | D:4      | Bought a dyed leather armour for 110 gold pieces
  3306 | D:4      | Reached skill level 7 in Necromancy
  3306 | D:4      | Reached XP level 5. HP: 12/42 MP: 0/8
  3508 | D:4      | Noticed an ogre
  3535 | D:4      | Killed an ogre
  3536 | D:4      | Reached XP level 6. HP: 9/49 MP: 2/9
  3643 | D:4      | Reached skill level 8 in Necromancy
  3672 | D:4      | Learned a level 4 spell: Animate Dead
  3839 | D:4      | Reached skill level 1 in Shields
  3903 | D:4      | Found a broken altar of Ashenzari.
  3977 | D:4      | Noticed Eustachio
  3994 | D:4      | Killed Eustachio
  3995 | D:4      | Reached skill level 9 in Necromancy
  3995 | D:4      | Reached XP level 7. HP: 53/55 MP: 0/10
  4370 | D:5      | Entered Level 5 of the Dungeon
  4520 | D:5      | Reached skill level 1 in Maces & Flails
  4917 | D:5      | Reached XP level 8. HP: 56/62 MP: 11/11
  4932 | D:5      | Reached skill level 10 in Necromancy
  5025 | D:5      | Found an opulent altar of Gozag.
  5025 | D:5      | Found a sparkling altar of Nemelex Xobeh.
  5356 | D:6      | Found a snail-covered altar of Cheibriados.
  5493 | D:6      | Found an ornate altar of the Wu Jian Council.
  6117 | D:7      | Found a shimmering altar of Xom.
  6140 | D:7      | Reached skill level 5 in Maces & Flails
  6199 | D:7      | Gained mutation: You passively map the area around you.
                  | [Deep Dwarf growth]
  6199 | D:7      | Reached XP level 9. HP: 23/68 MP: 3/12
  6219 | D:7      | Found Fyiciypt's Weapon Emporium.
  6354 | D:7      | Killed from afar by an orc priest

Illustrated notes

Levels and vault maps discovered:
D:1:      scummos_arrival_simple_fountains, layout_basic, skrybe_limestone_x
D:2:      layout_basic, led_sif_pool, overflow_temple_1_default,
          general_overflow_altar
D:3:      layout_basic, yredelemnul_altar_generic
D:4:      cheibrodos_helix_gallery, layout_loops_ring, serial_shops,
          nicolae_shop_behind_doors, nicolae_ashenzari_panopticon,
          uniq_eustachio
D:5:      layout_loops_cross, grunt_temple_overflow_opulence,
          kennysheep_generic_room_9
D:6:      layout_gridville, lemuel_crystal_altar, kennysheep_slug_shrine,
          st_stairs_12
D:7:      layout_cave_pools, fedhas_bush_and_centaur_altar,
          nicolae_overflow_hidden_temple, minmay_temple_entry_mini_moons,
          enter_bailey_8, serial_gnoll_camp, grums_kennel, gnoll_camp_mini_hut,
          gnoll_camp_mini_hut, gnoll_camp_mini_doghouse, gnoll_camp_mini_shop,
          gnoll_camp_mini_hut, serial_shops, nicolae_shop_statue_plus,
          kennysheep_nondescript, grunt_decor_clamped, minmay_hedge_maze,
          chequers_arboretum

Skill      XL: |  1  2  3  4  5  6  7  8  9 |
---------------+----------------------------+-----
Necromancy     | 5 6 7 9 10 | 10.9
Spellcasting   | 2 |  2.0
Shields        | 2 3 4 |  4.0
Maces & Flails | 2 5 6 |  6.4
Dodging        | 3 4 |  4.2
Stealth        | |  2.4

Action                   |  1- 3 |  4- 6 |  7- 9 || total
-------------------------+-------+-------+-------++-------
Melee: Dagger            |     1 |       |       ||     1
       Short sword       |    33 |    99 |    19 ||   151
       Flail             |       |       |   202 ||   202
 Cast: Pain              |    60 |    20 |    12 ||    92
       Animate Skeleton  |     2 |       |     7 ||     9
       Vampiric Draining |     9 |    15 |    66 ||    90
       Animate Dead      |       |       |     3 ||     3
  Use: Scroll            |       |     5 |     4 ||     9
       Potion            |       |     1 |       ||     1
 Stab: Sleeping          |     4 |     1 |     2 ||     7
       Distracted        |       |       |     1 ||     1
Armor: Leather armour    |    15 |    43 |   123 ||   181
       Robe              |     2 |       |       ||     2
Dodge: Dodged            |    34 |    59 |   250 ||   343
Block: Buckler           |       |       |    37 ||    37
